[Event "Late-Titled-Tuesday-Blitz-February-06-2024"]
[Site "Chess.com"]
[Date "2024.02.06"]
[Round "9"]
[White "Doublekk14"]
[Black "SocoLoco"]
[Result "1-0"]
[WhiteElo "2311"]
[BlackElo "2173"]
[TimeControl "180+1"]
[EndTime "15:45:34 PST"]
[Termination "Doublekk14 won on time"]

1. c4 e5 2. Nc3 Nf6 3. e3 d6 4. Nf3 Be7 5. d4 Nc6 6. Be2 O-O 7. O-O Re8 8. h3 exd4 9. exd4 Bf5 10.
d5 Nb8 11. Nd4 Bg6 12. f4 Be4 13.
f5 c5 14. Ndb5 a6 15. Na3 b5 16. cxb5 Qb6 17. Rf4 Bf8 18. Nc4 Qb7 19. Ne3 axb5 20. Bxb5 Re5 21. Nc4 Bxd5 22. Nxe5 dxe5 23. Rf1 c4 24.
Nxd5 Nxd5 25. Bxc4 Nb6 26. Bb3 Nc6 27. Be3 Rd8 28.
Qh5 Nd4 29. Bxd4 exd4 30. Rad1 Nd5 31. Rd3 Ne3 32. Re1 Bc5 33. Qf3 Qe7 34. Kh1 Re8 35. f6 gxf6 36. Qg3+ Kh8 37. Qf3 f5 38. Qf4 Qe5 39.
Qxe5+ Rxe5 40. Bd1 Re7 41. Bf3 Ra7 42. a3 f4 43. Re2 Kg7 44. b4 Be7 45. Rxd4 Bg5 46. Re4 Kf6 47. h4 Bh6 48. Rd4 Rxa3 49. Rd6+ Kg7 50.
Rd4 Ra1+ 51. Kh2 Rb1 52. Rxe3 fxe3 53. Rg4+ Kf6 54. Re4 Rb2 55. Rd4 Ke5 56. Re4+ Kd5 57. Re8+ Kc4 58. Re7 Kxb4 59. Re4+ 1-0

[Event "Late-Titled-Tuesday-Blitz-February-06-2024"]
[Site "Chess.com"]
[Date "2024.02.06"]
[Round "9"]
[White "LiemLe"]
[Black "lucliasco"]
[Result "1/2-1/2"]
[WhiteElo "3027"]
[BlackElo "2882"]
[TimeControl "180+1"]
[EndTime "15:45:36 PST"]
[Termination "Game drawn by repetition"]

1. Nf3 d5 2. e3 Nf6 3. c4 e6 4.
Nc3 b6 5. b3 Bb7 6. Bb2 Nbd7 7.
Rc1 a6 8. cxd5 exd5 9. g3 Bd6 10.
Bg2 O-O 11. O-O Re8 12. Re1 b5 13. d4 Qe7 14. Re2 Ba3 15. Bxa3 Qxa3 16. Rec2 c6 17. Ne1 a5 18. Nd3 Qd6 19. Nb1 a4 20. Nd2 axb3 21.
axb3 h5 22. h3 Ra3 23. Nf3 Rea8 24. Nfe5 Ra2 25. Nxd7 Qxd7 26. Ne5 Qd6 27. Bf3 g6 28. Kg2 Kg7 29. Qd2 Rxc2 30. Qxc2 Nd7 31. Nd3 Ra3 32. Qb2 b4 33. Qd2 Rxb3 34. Bd1 Rc3 35. Rxc3 bxc3 36. Qxc3 Ba6 37. Nf4 Bc4 38. Be2 Bxe2 39. Nxe2 Nf6 40.
Qc2 Ne4 41. Nf4 Qb4 42. Nd3 Qa3 43. Ne5 c5 44. dxc5 Nxc5 45. Nf3 Ne4 46. Nd4 Qd6 47. Qb2 Qf6 48. Qa2 h4 49. g4 Nc3 50. Qc2 Ne4 51. Nf3 Ng5 52. Nd4 Qe7 53. Qe2 f6 54. Qd3 Nf7 55.
Nf3 Qe4 56. Qxe4 dxe4 57. Nxh4 Ne5 58. Kg3 Nd3 59. Ng2 g5 60. h4 Ne5 61. h5 Nf3 62.
Kh3 Kh6 63. Kg3 Kg7 64. Kh3 Kf7 65. Kg3 Kg8 66. Kh3 Kf7 67. Kg3 Ke7 68. Kh3 Kf7 1/2-1/2

[Event "Late-Titled-Tuesday-Blitz-February-06-2024"]
[Site "Chess.com"]
[Date "2024.02.06"]
[Round "9"]
[White "el008"]
[Black "gahryman"]
[Result "1-0"]
[WhiteElo "2553"]
[BlackElo "2663"]
[TimeControl "180+1"]
[EndTime "15:45:36 PST"]
[Termination "el008 won on time"]

1. Nf3 d5 2. b3 Bg4 3. e3 Nd7 4. d4 Ngf6 5. Bb2 e6 6. c4 Ne4 7. a3 c6 8. Be2 Bd6 9. Nbd2 O-O 10. Nxe4 dxe4 11. Nd2 Bxe2 12. Qxe2 f5 13. f3 exf3 14.
Nxf3 Nf6 15. Nd2 Qe7 16. e4 fxe4 17. Nxe4 Nxe4 18. Qxe4 Qg5 19. Bc1 Qf5 20. Qxf5 exf5 21. O-O Rae8 22. Bf4 Bxf4 23. Rxf4 Re3 24. Rf3 Rxf3 25.
gxf3 Rd8 26. Rd1 Kf7 27. Kf2 Kf6 28. b4 b5 29. cxb5 cxb5 30. Ke3 Rc8 31. Kd3 Rc6 32. d5 Ra6 33. Kd4 Rxa3 34. Kc5 Rc3+ 35. Kxb5 Ke7 36.
Ka6 Kd6 37. Kxa7 Rxf3 38. b5 Ra3+ 39. Kb7 f4 40. b6 f3 41. Kb8 Rb3 42. b7 g5 43. h3 h5 44. Rg1 f2 45. Rf1 Rb2 46.
Kc8 Rc2+ 47. Kd8 Rb2 48. Rxf2 Rxb7 49. Rf6+ Ke5 50. Rh6 h4 51. d6 Kf4 52. Kc8 Ra7 53. d7 Kg3 54. Rb6 Rxd7 55. Rb3+ Kf4 56. Kxd7 g4 57. Rb4+ Kg3 58. hxg4 h3 59. g5 h2 60. Rb1 Kg2 61. g6 1-0

[Event "Late-Titled-Tuesday-Blitz-February-06-2024"]
[Site "Chess.com"]
[Date "2024.02.06"]
[Round "9"]
[White "mightysmasher"]
[Black "KorolDimitriy75"]
[Result "0-1"]
[WhiteElo "2543"]
[BlackElo "2410"]
[TimeControl "180+1"]
[EndTime "15:45:36 PST"]
[Termination "KorolDimitriy75 won by checkmate"]

1. e4 c5 2. c3 d5 3. exd5 Qxd5 4. d4 cxd4 5. cxd4 Nc6 6. Nf3 e5 7. Nc3 Bb4 8. Bd2 Bxc3 9. Bxc3 e4 10. Ne5 Nxe5 11.
dxe5 Ne7 12. Qd4 O-O 13. Bc4 Qxd4 14. Bxd4 Nc6 15. Bc3 Re8 16. Bb5 Bd7 17. Rd1 Rad8 18. O-O Nxe5 19. Bxd7 Nxd7 20. Rfe1 Nc5 21. Rxd8 Rxd8 22.
h3 f5 23. Bb4 Nd3 24. Rd1 Rd5 25. Bc3 Kf7 26. Kf1 g5 27. f3 Ke6 28. fxe4 fxe4 29.
g3 Rf5+ 30. Kg1 Rf3 31. g4 Rxh3 32. Kg2 Rf3 33. Rh1 Rf2+ 34. Kg1 e3 35. Rh6+ Kd5 36.
Rxh7 Ke4 37. Re7+ Kf3 38. Rf7+ Kg3 39. Rxf2 Nxf2 40. Kf1 Kf3 41. Be1 e2+ 42. Kg1 Nd3 43.
Bc3 e1=Q+ 44. Bxe1 Nxe1 45. Kf1 Nd3 46. b4 Ne5 47.
Ke1 Nxg4 48. Kd2 Ne5 49. Kc3 g4 50. Kd4 Nc6+ 51. Kc5 Nxb4 52. Kxb4 g3 53. Kb5 g2 54.
a4 g1=Q 55. Kb4 Qb1+ 56. Kc4 a5 57. Kc5 Qb4+ 58. Kd5 Qxa4 59. Kd6 Qc6+ 60. Ke5 a4 61. Kd4 a3 62. Kd3 a2 63. Kd2 a1=Q 64. Kd3 Qa3+ 65.
Kd4 Qb4+ 66. Ke5 Qbb5+ 67. Kd4 Qcc4# 0-1

[Event "Late-Titled-Tuesday-Blitz-February-06-2024"]
[Site "Chess.com"]
[Date "2024.02.06"]
[Round "9"]
[White "MolecularChemist"]
[Black "Elsa167"]
[Result "1-0"]
[WhiteElo "2972"]
[BlackElo "2899"]
[TimeControl "180+1"]
[EndTime "15:45:39 PST"]
[Termination "MolecularChemist won on time"]

1. d4 Nf6 2. Nf3 e6 3. c4 d5 4.
Nc3 a6 5. cxd5 exd5 6. Bg5 Be6 7. e3 Nbd7 8. Bd3 Bd6 9. h3 c6 10. O-O h6 11. Bf4 Qb8 12. Bxd6 Qxd6 13. Qc2 g5 14. Bf5 Rg8 15. Rfe1 O-O-O 16. Bxe6 fxe6 17. e4 g4 18. e5 Qc7 19. hxg4 Nxg4 20. a4 Rdf8 21. Qe2 Qd8 22.
b4 Qe8 23. b5 Qg6 24. bxc6 bxc6 25. Qxa6+ Kd8 26. Qa8+ Ke7 27. Qxc6 Rxf3 28. Nxd5+ Kf8 29. Qc8+ Kg7 30. Qxg8+ Kxg8 31. Ne7+ Kf7 32. Nxg6 Rxf2 33. Rf1 Rxf1+ 34. Rxf1+ Kxg6 35. a5 Nb8 36. Rb1 Na6 37. Rb6 Nc7 38. a6 Nxa6 39. Rxa6 Kf5 40. Rd6 Ne3 41. Kf2 Nc4 42. Rd7 Nd2 43. Ke3 Nc4+ 44.
Kd3 Nb6 45. Rf7+ Kg5 46. Rf6 Nd5 47. Rf2 h5 48. Ke4 Nc3+ 49. Kd3 Nd5 50. Kc4 Nf4 51. Ra2 h4 52. Kc5 Kg4 53. Kd6 Kg3 54. Ke7 Nxg2 55. Kxe6 h3 56. Ra3+ Kg4 57. Rxh3 Nf4+ 58. Kf7 Nxh3 59.
e6 Ng5+ 60. Kf6 Nh7+ 61. Ke5 Nf8 62. e7 Ng6+ 63. Kf6 Nxe7 64. Kxe7 Kf5 65. d5 1-0

[Event "Late-Titled-Tuesday-Blitz-February-06-2024"]
[Site "Chess.com"]
[Date "2024.02.06"]
[Round "9"]
[White "JonasEilenberg"]
[Black "Boninknights"]
[Result "1-0"]
[WhiteElo "2519"]
[BlackElo "2350"]
[TimeControl "180+1"]
[EndTime "15:45:40 PST"]
[Termination "JonasEilenberg won on time"]

1. d4 Nf6 2. Nf3 d6 3. c4 g6 4.
Nc3 Bg7 5. e4 O-O 6. Be2 Bg4 7.
O-O Nc6 8. d5 Bxf3 9. Bxf3 Ne5 10. Be2 c6 11. Be3 Qa5 12. f4 Ned7 13. Bd4 Rfc8 14.
a3 Ne8 15. Bxg7 Nxg7 16. Kh1 cxd5 17. cxd5 Qb6 18. Qd2 Nc5 19. Rad1 Nb3 20. Qd3 Qa5 21. Qb5 Qxb5 22. Bxb5 Rc5 23. Ba4 Na5 24. Bb5 a6 25. Be2 Rac8 26. Rd4 Nc4 27. Na4 R5c7 28. Rc1 b5 29.
Bxc4 bxa4 30. Rc3 Nh5 31. g3 Nf6 32. Bxa6 Rxc3 33. bxc3 Rxc3 34. Rxa4 Re3 35. Bb7 Nxe4 36. Bc6 Nc5 37. Ra8+ Kg7 38. a4 Ra3 39. a5 e6 40.
dxe6 fxe6 41. Bb5 d5 42. a6 d4 43. Rc8 Nxa6 44. Ra8 d3 45. Rxa6 d2 46. Rxa3 d1=Q+ 47. Kg2 Qc2+ 48. Kh3 Qf5+ 49. Kg2 Qxb5 50. Re3 Qd5+ 51.
Kh3 Kf6 52. Re2 g5 53. fxg5+ Kxg5 54. Re3 e5 55. Ra3 e4 56. Ra7 h5 57. Re7 Qd4 58. Kg2 Qd2+ 59. Kh3 1-0

[Event "Late-Titled-Tuesday-Blitz-February-06-2024"]
[Site "Chess.com"]
[Date "2024.02.06"]
[Round "9"]
[White "dretch"]
[Black "JoakimVonAnd"]
[Result "1-0"]
[WhiteElo "2846"]
[BlackElo "2675"]
[TimeControl "180+1"]
[EndTime "15:45:43 PST"]
[Termination "dretch won by checkmate"]

1. d4 d5 2. c4 e6 3. Nc3 c5 4.
cxd5 exd5 5. Nf3 Nf6 6. Bg5 Be6 7. g3 h6 8. Bxf6 Qxf6 9. Bg2 Nc6 10. dxc5 Bxc5 11.
O-O O-O-O 12. Rc1 Kb8 13. Ne1 Rhe8 14. Nd3 Bd4 15. Qa4 Bg4 16. e3 Bxc3 17. Qxg4 Bxb2 18.
Rxc6 Qxc6 19. Nxb2 Qc2 20. Qb4 Re6 21. Na4 Qc4 22. Qa3 Ra6 23. Qe7 Qc7 24. Qb4 Qc4 25.
Rb1 Qxb4 26. Rxb4 Rc6 27. Bf3 Rc1+ 28. Kg2 Rc2 29. Nb2 b6 30. a4 Kc7 31. Rb3 d4 32.
exd4 Rxd4 33. a5 Rdd2 34. axb6+ axb6 35. Nd3 b5 36. Kf1 Kb6 37. Ke1 Ka5 38. Ra3+ Kb6 39. Bd1 Ra2 40. Rb3 Ka5 41. h4 g6 42. Rc3 b4 43.
Rb3 g5 44. hxg5 hxg5 45. Nxb4 Rab2 46. Nc6+ Ka6 47. Rxb2 Rxb2 48. Ne5 f6 49. Ng4 f5 50. Ne3 f4 51. gxf4 gxf4 52. Nd5 Kb5 53. Nxf4 Kc5 54.
Nd3+ Kd4 55. Nxb2 Ke4 56. Ke2 Kf4 57. f3 Kf5 58. Ke3 Ke5 59. f4+ Kf5 60. Kf3 Kf6 61. Ke4 Ke6 62. f5+ Kf6 63. Kf4 Kf7 64. Ke5 Ke7 65.
f6+ Kf7 66. Kf5 Kf8 67. Ke6 Ke8 68. f7+ Kf8 69. Bc2 Kg7 70. Ke7 Kh6 71. f8=Q+ Kg5 72.
Qf6+ Kg4 73. Nd3 Kg3 74. Qf4+ Kg2 75. Bb3 Kh1 76. Qg4 Kh2 77. Ne1 Kh1 78. Qg2# 1-0

[Event "Late-Titled-Tuesday-Blitz-February-06-2024"]
[Site "Chess.com"]
[Date "2024.02.06"]
[Round "9"]
[White "BogdanDeac"]
[Black "Konavets"]
[Result "1/2-1/2"]
[WhiteElo "3008"]
[BlackElo "3115"]
[TimeControl "180+1"]
[EndTime "15:45:44 PST"]
[Termination "Game drawn by repetition"]

1. d4 Nf6 2. Nf3 d5 3. c4 e6 4. Nc3 h6 5. Bf4 Bb4 6. cxd5 Nxd5 7. Bd2 c5 8. Nxd5 Bxd2+ 9. Qxd2 exd5 10. dxc5 a5 11. e3 O-O 12. Be2 Be6 13. O-O Nd7 14. Rfc1 Rc8 15. b4 axb4 16. Qxb4 Rc7 17. Bb5 Nf6 18. Nd4 Qe7 19. a3 Rfc8 20. c6 Qxb4 21. axb4 Bd7 22. Ra7 Ne4 23. f3 Nd6 24. Ba4 bxc6 25.
Rxc7 Rxc7 26. Bxc6 Kf8 27. Rc5 Bxc6 28. Rxc6 Rd7 29.
Kf2 Ke7 30. Ra6 Rb7 31. g4 Kd7 32. Ra4 g6 33. h4 Nc4 34. Ke2 Nb2 35. Ra5 Rxb4 36.
Rxd5+ Kc7 37. Rc5+ Kd6 38. Rc6+ Kd7 39. Rf6 Ke7 40. Ra6 Ra4 41. Rb6 Nc4 42. Rb7+ Kf6 43. h5 Ra2+ 44. Kd3 Nd6 45. Rb6 Ke7 46. hxg6 fxg6 47.
Nc6+ Ke6 48. Nd4+ Kd7 49. f4 Ra3+ 50. Rb3 Ra1 51. Rc3 Rd1+ 52. Ke2 Rg1 53. Kf3 Rf1+ 54. Kg2 Ra1 55. Rb3 Nc4 56. Kf2 Ra2+ 57. Kg3 Nd2 58.
Rd3 Ne4+ 59. Kf3 Nd2+ 60. Kg3 Nf1+ 61. Kf3 Nd2+ 62. Ke2 Ne4+ 63. Ke1 Ke7 64. f5 Kf6 65. fxg6 Kxg6 66. Nf3 Ra1+ 67. Ke2 Ra2+ 68. Ke1 Ra1+ 69. Ke2 Ra2+ 70. Ke1 1/2-1/2

[Event "Late-Titled-Tuesday-Blitz-February-06-2024"]
[Site "Chess.com"]
[Date "2024.02.06"]
[Round "9"]
[White "WPWPWP-2015"]
[Black "koziororo"]
[Result "1-0"]
[WhiteElo "2499"]
[BlackElo "2597"]
[TimeControl "180+1"]
[EndTime "15:45:47 PST"]
[Termination "WPWPWP-2015 won by resignation"]

1. e4 e6 2. d4 d5 3. Nc3 Bb4 4. a3 Bxc3+ 5. bxc3 dxe4 6. Qg4 Kf8 7. Qxe4 Nf6 8. Qh4 Nc6 9. Nf3 b6 10. a4 Bb7 11.
Bd3 Ne7 12. Ba3 Kg8 13. Ne5 Ng6 14. Qg5 Nd5 15. Qd2 Ndf4 16. f3 Qh4+ 17. g3 Nxe5 18. dxe5 Nxd3+ 19. Qxd3 Qh5 20. O-O-O h6 21. Rhf1 Qxe5 22. f4 Qd5 23. c4 Qxd3 24. Rxd3 Bc6 25. a5 bxa5 26. Rfd1 Kh7 27. Bc5 Kg6 28. Kb2 Rab8+ 29.
Kc3 Rb7 30. Ra1 a4 31. g4 Rhb8 32. Rf1 Rb1 33. f5+ exf5 34. gxf5+ Kh7 35. Rf2 Ra1 36. Rg3 a3 37. Kd2 a2 38. Ra3 Rd8+ 39. Kc3 Be4 40. f6 g5 41. Rxa7 c6 42. Bd4 Kg6 43.
Be5 h5 44. Rd2 Rxd2 45. Kxd2 h4 46. Bxa1 g4 47. Be5 Kf5 48. Bd6 Kxf6 49. Rxa2 Ke6 50. c5 Kd5 51. Ra7 f5 52. Ke3 Bxc2 53. Re7 Be4 54.
Re5+ Kc4 55. Kf4 g3 56. hxg3 h3 57. Re6 h2 58. Rh6 h1=Q 59. Rxh1 Bxh1 60. Kxf5 Kd5 61.
g4 Be4+ 62. Kf6 Bh7 63. g5 Ke4 64. g6 Bg8 65. Kg7 Bd5 66. Kf8 Kf5 67. g7 Kf6 68.
g8=Q Bxg8 69. Kxg8 Kg6 70. Kf8 Kf6 71. Ke8 Ke6 72. Kd8 Kd5 73. Kc7 Kc4 74. Kxc6 1-0

[Event "Late-Titled-Tuesday-Blitz-February-06-2024"]
[Site "Chess.com"]
[Date "2024.02.06"]
[Round "9"]
[White "mr_gustavo"]
[Black "MikaelyanArman"]
[Result "1-0"]
[WhiteElo "2723"]
[BlackElo "2851"]
[TimeControl "180+1"]
[EndTime "15:45:53 PST"]
[Termination "mr_gustavo won by resignation"]

1. e4 c5 2. Nf3 Nc6 3. Bb5 e6 4.
Bxc6 bxc6 5. d3 Ne7 6. h4 d6 7. e5 Nf5 8. exd6 Bxd6 9. Nbd2 O-O 10.
Nc4 Be7 11. h5 h6 12. Qe2 Nd4 13. Nxd4 cxd4 14. Bd2 Ba6 15. Ne5 Qd5 16. b3 Bd6 17.
Nc4 Bxc4 18. dxc4 Qf5 19. O-O-O Qf6 20. Kb1 a5 21. a4 Rab8 22. g4 Bf4 23. Bxa5 e5 24.
Rhe1 Rb7 25. c5 Rd7 26. Bb6 Qe6 27. a5 Kh8 28. a6 f5 29. gxf5 Qxf5 30. a7 Ra8 31. Kb2 Qf7 32. Ra1 d3 33. cxd3 e4 34.
Qxe4 Bg5 35. Kc2 Qxf2+ 36. Re2 Qf7 37. Qxc6 Rb7 38. Rae1 Rbxa7 39. Re8+ Kh7 40. Qe4+ g6 41. hxg6+ Qxg6 42. Qxg6+ Kxg6 43. Bxa7 Rxa7 44. R8e6+ Kf5 45. R1e5+ Kf4 46. Re4+ Kf3 47. c6 h5 48. b4 h4 49. b5 h3 50. b6 Ra2+ 51. Kb3 h2 52.
Re1 Rg2 53. Re8 Rg1 54. Rf8+ Kg4 55. Re4+ Kg3 56. Rh8 Rb1+ 57. Kc4 Rxb6 58. Kc5 Rb1 59. c7 Rc1+ 60. Kb6 Kg2 61. Kb7 h1=Q 62. Rxh1 Kxh1 63. c8=Q Rxc8 64. Kxc8 Kg2 65. Kb7 Kf3 66. Kc6 Bf4 67.
Kd5 Bg3 68. Kc4 Bf2 69. Re6 Kf4 70. d4 Kf5 71. d5 Ba7 72. Kb5 Bb8 73. Kc6 Bf4 74.
Re1 Kf6 75. Rf1 Ke5 76. Rxf4 1-0

[Event "Late-Titled-Tuesday-Blitz-February-06-2024"]
[Site "Chess.com"]
[Date "2024.02.06"]
[Round "9"]
[White "Jahonas"]
[Black "Chessdreamer2020"]
[Result "0-1"]
[WhiteElo "2370"]
[BlackElo "2546"]
[TimeControl "180+1"]
[EndTime "15:45:54 PST"]
[Termination "Chessdreamer2020 won by resignation"]

1. d4 d6 2. c4 e5 3. dxe5 dxe5 4. Qxd8+ Kxd8 5. Nc3 c6 6. Bg5+ f6 7. Bd2 Be6 8. e3 Nd7 9. Rc1 Kc7 10. Nf3 Rd8 11.
Be2 Nh6 12. O-O Nc5 13. Rfd1 Nd3 14. Bxd3 Rxd3 15. b3 Ba3 16. Rb1 Rhd8 17. Be1 Bf5 18. Rxd3 Bxd3 19. Rd1 Bc2 20. Rd2 Bg6 21. e4 Bb4 22. Nb5+ cxb5 23. Rxd8 Kxd8 24. Bxb4 bxc4 25. bxc4 Bxe4 26. Bf8 Nf5 27. Nd2 Bd3 28. g4 Ke8 29. Bc5 b6 30. Bxb6 axb6 31. gxf5 Bxf5 32. f3 Kd7 33. Kf2 Kc6 34. Ke3 Kc5 35. a3 Bc2 36. h4 g6 37. f4 exf4+ 38. Kxf4 Bd3 39. Ke3 Bxc4 40. Ne4+ Kb5 41. Kd4 Be6 42. Nxf6 h6 43.
Kc3 Ka4 44. Kb2 g5 45. hxg5 hxg5 46. Ne4 g4 47. Nc3+ Ka5 48. Kc2 g3 49. Ne2 g2 50.
Ng1 Ka4 51. Kb2 Bg4 52. Ka2 Kb5 53. Kb3 Kc5 54. Kc3 Kb5 55. Kb3 Be6+ 56. Kc3 Ka4 57. Kb2 Bg4 58. Ka2 Bd1 59. Nh3 Kb5 60. Kb2 Kc4 61.
Kc1 Bg4 62. Ng1 Kb3 63. Kd2 Kxa3 64. Ke3 Bc8 65. Kf2 Bb7 66. Ne2 b5 67. Nd4 b4 68.
Nb5+ Ka2 69. Nd6 Bd5 70. Nb5 Ba8 71. Nc7 Bc6 72. Na6 Ka3 73. Nc5 b3 74. Nd3 b2 0-1

[Event "Late-Titled-Tuesday-Blitz-February-06-2024"]
[Site "Chess.com"]
[Date "2024.02.06"]
[Round "9"]
[White "Baronessa08"]
[Black "Ajedrez_con_German"]
[Result "1-0"]
[WhiteElo "2544"]
[BlackElo "2652"]
[TimeControl "180+1"]
[EndTime "15:45:57 PST"]
[Termination "Baronessa08 won on time"]

1. Nf3 Nf6 2. d4 d5 3. c4 c6 4.
e3 Bg4 5. Nc3 e6 6. Be2 Nbd7 7.
cxd5 exd5 8. h3 Bxf3 9. Bxf3 Bd6 10. g3 O-O 11. h4 Re8 12. O-O Qe7 13. Bg2 Nb6 14. Qf3 Bb4 15. Qf5 Nc4 16. Qd3 Nd6 17.
b3 Rad8 18. Bd2 h6 19. Rfc1 Nde4 20. Nxe4 dxe4 21. Qc2 Bxd2 22. Qxd2 Nd5 23. Rc5 f5 24. Rac1 Kh8 25. b4 f4 26. gxf4 Qxh4 27. b5 cxb5 28. Rxb5 b6 29. Rc6 Re7 30. Rb3 Nf6 31. f3 exf3 32.
Bxf3 Rde8 33. d5 Qg3+ 34. Qg2 Qe1+ 35. Qf1 Qg3+ 36. Qg2 Qe1+ 37. Qf1 Qxf1+ 38. Kxf1 Rxe3 39. d6 Rxb3 40. axb3 Rd8 41. Bg2 Kg8 42. Bh3 Kf7 43. Rc7+ Kg6 44. d7 a5 45. Rc8 Rxd7 46. Bxd7 Nxd7 47. Rc7 Nc5 48. Rc6+ Kf5 49. Rxb6 Kxf4 50. Rb5 Ne4 51. Rxa5 g5 52. Ra4 g4 53. Kg2 h5 54.
Ra8 h4 55. Rf8+ Ke3 56. Rg8 h3+ 57. Kh2 Kf4 58. Rf8+ Ke3 59. Rg8 Kf4 60. Rf8+ Ke3 61.
b4 Ng5 62. Rg8 Nf3+ 63. Kh1 Kf2 64. Rxg4 Ne5 65. Re4 Nd3 66. b5 Kg3 67. Re3+ 1-0

[Event "Late-Titled-Tuesday-Blitz-February-06-2024"]
[Site "Chess.com"]
[Date "2024.02.06"]
[Round "9"]
[White "djano"]
[Black "ProfessorChess101"]
[Result "1/2-1/2"]
[WhiteElo "2643"]
[BlackElo "2797"]
[TimeControl "180+1"]
[EndTime "15:46:02 PST"]
[Termination "Game drawn by repetition"]

1. e4 e5 2. Nf3 Nc6 3. Bc4 Nf6 4. d4 exd4 5. Ng5 Ne5 6. Bb3 d5 7. f4 Nc6 8. exd5 Nxd5 9. O-O Be7 10. Nxf7 Kxf7 11. Qh5+ g6 12. Qxd5+ Qxd5 13. Bxd5+ Kg7 14. Nd2 Bf5 15. Nf3 Bc5 16. Bxc6 bxc6 17. b4 Bxb4 18. Nxd4 Bc3 19. Nxf5+ gxf5 20. Rb1 Rhe8 21. Bb2 Bxb2 22. Rxb2 Re2 23. Rf2 Re1+ 24. Rf1 Re7 25. h3 Rd8 26.
Rf3 Kf6 27. Rc3 Rd6 28. Rb7 h5 29. Rd3 Rde6 30. Rxa7 Re2 31. Rc3 R2e6 32. Ra6 Re4 33. Raxc6+ Kf7 34. Rxc7 Rxc7 35. Rxc7+ Ke6 36. Rc6+ Kd5 37.
Rh6 Rxf4 38. Rxh5 Ke5 39. Rh8 Rc4 40. h4 Rxc2 41. Ra8 Kf4 42. Kh2 Kg4 43. a4 Kxh4 44. a5 Ra2 45. a6 Kg4 46. a7 Kf4 47. Kh3 Ra3+ 48. Kh4 Ra1 49. Kh5 Ra2 50. g3+ Kf3 51.
Kh4 Ra5 52. Rf8 Rxa7 53. Rxf5+ Ke4 54. Rf4+ Ke5 55. Kh5 Rg7 56. Rg4 Rh7+ 57. Kg6 Ra7 58. Rf4 Ra3 59. Rg4 Ke6 60. Re4+ Kd5 61. Rg4 Ke6 62. Kh5 Kf6 63. Rg6+ Kf7 64. g4 Rh3+ 65. Kg5 Ra3 66. Rf6+ Kg7 67. Rb6 Ra5+ 68. Kh4 Ra7 69. g5 Rc7 70. Kh5 Ra7 71. Rg6+ Kh7 72. Rh6+ Kg7 73. Re6 Rb7 74. Rg6+ Kh7 75. Rh6+ Kg7 76. Rg6+ Kh7 77. Rh6+ Kg7 78. Rg6+ 1/2-1/2

[Event "Late-Titled-Tuesday-Blitz-February-06-2024"]
[Site "Chess.com"]
[Date "2024.02.06"]
[Round "9"]
[White "igorknyazev"]
[Black "Onthequiet"]
[Result "1/2-1/2"]
[WhiteElo "2193"]
[BlackElo "2456"]
[TimeControl "180+1"]
[EndTime "15:46:02 PST"]
[Termination "Game drawn - insufficient material"]

1. e4 c6 2. d4 d5 3. Nc3 dxe4 4. Nxe4 Nf6 5. Ng5 h6 6. N5f3 Bf5 7. Bc4 e6 8. Ne2 Nbd7 9. Nf4 Qc7 10. Nh4 Bd6 11.
Nxf5 exf5 12. Qe2+ Kf8 13. Bxf7 Bxf4 14. Bg6 Bxc1 15.
Qe6 Qa5+ 16. Kf1 Qd5 17. Qxd5 Nxd5 18. Rxc1 Ne7 19. Bh5 g6 20. Bf3 Nf6 21. g3 Kf7 22. Kg2 Rad8 23. Rhd1 Rhe8 24. c4 Nc8 25. b4 Nd6 26. b5 Nde4 27. bxc6 bxc6 28. Rd3 Rb8 29. Ra3 Re7 30. Ra6 Rb6 31. Rxb6 axb6 32. Rb1 Rb7 33. a4 Nd7 34. a5 Ke7 35. a6 Ra7 36.
Bxe4 fxe4 37. Re1 Rxa6 38. Rxe4+ Kf7 39. Rf4+ Nf6 40. g4 Ra4 41. h4 Ke6 42. g5 hxg5 43. hxg5 Nd7 44. d5+ Kd6 45. dxc6 Kxc6 46. Re4 Kd6 47.
Rd4+ Ke6 48. f4 Nc5 49. Kf3 Ra1 50. Kg4 Rg1+ 51. Kf3 Rf1+ 52. Ke2 Rc1 53. Rd2 Rxc4 54. Rb2 Nd7 55. Kf3 Kd6 56. Re2 b5 57. Rd2+ Kc6 58. Re2 Rd4 59. Re6+ Rd6 60. Re7 b4 61. Kg4 b3 62. f5 gxf5+ 63. Kxf5 Rd5+ 64. Kg4 Rd4+ 65. Kh5 Rd2 66. Re1 b2 67. g6 Rh2+ 68. Kg5 Rg2+ 69. Kh6 Nf6 70. g7 Kd5 71. Rd1+ Kc4 72. Rf1 Kb3 73.
Rf3+ Ka2 74. Rxf6 b1=Q 75. Ra6+ Kb2 76. Rb6+ Kc2 77. Rxb1 Kxb1 78. Kh7 Kc2 79. g8=Q Rxg8 80. Kxg8 1/2-1/2

[Event "Late-Titled-Tuesday-Blitz-February-06-2024"]
[Site "Chess.com"]
[Date "2024.02.06"]
[Round "9"]
[White "Msb2"]
[Black "iwanyu"]
[Result "1/2-1/2"]
[WhiteElo "2985"]
[BlackElo "2846"]
[TimeControl "180+1"]
[EndTime "15:46:04 PST"]
[Termination "Game drawn by repetition"]

1. d4 Nf6 2. c4 c5 3. d5 e6 4. Nc3 exd5 5. cxd5 d6 6. e4 g6 7. h3 Bg7 8. Nf3 O-O 9. Bd3 b5 10.
Nxb5 Re8 11. O-O Nxe4 12. Bxe4 Rxe4 13. Nc3 Re8 14. Bg5 Qd7 15. Qd2 Bb7 16. Rae1 Na6 17. Ne4 Nc7 18. Nf6+ Bxf6 19. Bxf6 Nxd5 20. Bh4 Qf5 21.
Bg3 Red8 22. Nh2 h5 23. Qh6 Ba6 24. Nf3 Qf6 25. Bh4 Qg7 26. Qd2 Bxf1 27. Qxd5 Bb5 28. Ng5 Re8 29. Ne4 Qd4 30. Qxd4 cxd4 31. Nf6+ Kg7 32. Nxe8+ Bxe8 33. Rd1 Rb8 34. b3 Rb4 35. Be7 d3 36. Bxd6 Re4 37. Rxd3 Re1+ 38. Kh2 Re2 39. Re3 Rxe3 40. fxe3 Bc6 41. Be5+ f6 42. Bd4 a5 43. g3 Kf7 44. Kg1 a4 45. bxa4 Bxa4 46. Kf2 Bd7 47.
h4 Ke6 48. e4 f5 49. Ke3 fxe4 50. Kxe4 Kd6 51. Kd3 Kc6 52. Kc3 Kb7 53. Kb4 Ka8 54. Kc5 Bg4 55. a4 Bd1 56. a5 Bg4 57. Kb6 Bf3 58.
Be3 Bg4 59. Bg5 Bf3 60. Kc5 Bg4 61. Kd4 Bf5 62. Ke5 Bg4 63. Be3 Bf5 64. Kf6 Bg4 65.
Kxg6 Bd1 66. Kg5 Bg4 67. Kf4 Bd1 68. Ke5 Bg4 69. Kd4 Bd1 70. Kd3 Bg4 71. Kd2 Kb7 72. Bc5 Ka8 73. Bb4 Kb7 74. Ke3 Ka8 75. Kf4 Kb7 76. Ke5 Ka8 77. a6 Ka7 78. Bc5+ Kxa6 79. Be3 Kb5 80. Bf4 Kc4 81. Kf6 Kd3 82. Kg5 Ke2 83.
Kh6 Kf3 84. Kg7 Kg2 85. Kf8 Kh3 86. Ke7 Kg2 87. Kd8 Kf3 88. Kc7 Kg2 89. Kb8 Kf3 90. Ka7 Kg2 91. Kb7 Kf3 92. Kb6 Kg2 93. Ka6 Kh3 94.
Ka5 Kg2 95. Kb5 Bf3 96. Kb4 Bg4 97. Ka4 Bf3 98. Ka3 Bg4 99. Kb3 Bf3 100. Kb2 Bg4 101. Ka2 Bf3 102. Ka1 Bg4 103. Kb1 Bf3 104. Kc1 Bg4 105. Kd2 Bf3 106. Kd3 Bg4 107. Kd4 Bf3 108. Ke5 Bg4 109. Kf6 Bf3 110. Kg5 Bg4 111. Kg6 Bf3 112. Kg5 Bg4 113.
Kh6 Bf3 114. Kg5 1/2-1/2

[Event "Late-Titled-Tuesday-Blitz-February-06-2024"]
[Site "Chess.com"]
[Date "2024.02.06"]
[Round "9"]
[White "tptagain"]
[Black "DanielNaroditsky"]
[Result "1/2-1/2"]
[WhiteElo "2969"]
[BlackElo "3198"]
[TimeControl "180+1"]
[EndTime "15:46:05 PST"]
[Termination "Game drawn by repetition"]

1. Nf3 Nf6 2. d4 g6 3. Bg5 Bg7 4. Nbd2 O-O 5. e4 d5 6. exd5 Nxd5 7. c3 Nd7 8. Bc4 N7b6 9. Bb3 h6 10. Bh4 Bf5 11.
O-O c6 12. Re1 Qc7 13. Bg3 Qd8 14. Be5 Nd7 15. Bxg7 Kxg7 16. h3 N7f6 17. Ne5 Qc7 18. Qf3 Rad8 19. Nf1 Be6 20. Bc2 Nd7 21. Qg3 Nxe5 22.
Rxe5 Qd7 23. Rae1 Nc7 24. h4 Rg8 25. h5 g5 26. Bb3 Rde8 27. Bxe6 Nxe6 28. Ne3 Kh7 29.
Nf5 g4 30. Qd3 Kh8 31. Qd2 Rg5 32. Nxh6 Rg7 33. Nxf7+ Rxf7 34. Rxe6 Rg7 35. Qh6+ Kg8 36. Rg6 e6 37. Rxg7+ Qxg7 38. Qxg7+ Kxg7 39. Re4 Kh6 40. Rxg4 Kxh5 41. Re4 Kg5 42. g4 Kf6 43. Kg2 a5 44. f4 Rh8 45. a4 b6 46. Re5 Rh4 47. g5+ Kf7 48. Re4 Rg4+ 49. Kf3 Rg1 50. Re2 Rf1+ 51. Ke4 Ke7 52. Rh2 Re1+ 53. Kd3 Rf1 54. Rh4 Kd6 55. b3 Rg1 56. Kc4 Rg3 57. b4 axb4 58. Kxb4 Kd5 59.
Rh6 c5+ 60. dxc5 bxc5+ 61. Kb3 Rg4 62. Rf6 e5 63. fxe5 Rxg5 64. e6 Re5 65. a5 Re1 66. Kb2 Kc4 67. Rh6 Kb5 68. Rg6 Kxa5 69. Kb3 Kb5 70.
Kc2 Kc4 71. Kd2 Re5 72. Rg4+ Kd5 73. Rg6 Rxe6 74. Rxe6 Kxe6 75. Kd3 Kd5 76. c4+ Ke5 77.
Ke3 Kf5 78. Kf3 Ke5 79. Ke3 Kf5 80. Kf3 Ke5 81. Ke3 1/2-1/2